 Dungeon Crawl Stone Soup version 0.19.5 (console) character file.

180 itsmu the Stinger (level 5, 0/52 HPs)
             Began as a Demonspawn Venom Mage on Mar 8, 2017.
             Succumbed to an adder's poison
             ... on level 2 of the Dungeon.
             The game lasted 00:06:00 (2617 turns).

itsmu the Stinger (Demonspawn Venom Mage)           Turns: 2617, Time: 00:06:01

Health: 0/52       AC:  2    Str: 14    XL:     5   Next: 33%
Magic:  0/9        EV: 12    Int: 17    God:
Gold:   126        SH:  0    Dex: 13    Spells: 3 memorised, 2 levels left

rFire  . . .     SeeInvis .     a - +0 spear
rCold  + . .     Gourm    .     m - +0 robe
rNeg   . . .     Faith    .     (no shield)
rPois  .         Spirit   +     (no helmet)
rElec  .         Reflect  .     (no cloak)
rCorr  .         Harm     .     (no gloves)
MR     .....                    (no boots)
Stlth  ..........               r - amulet of guardian spirit
                                (no ring)
                                (no ring)

@: berserking, lethally poisoned (0 -> -12), very quick
A: hooves 1, cold resistance 1, demonic guardian 1
a: no special abilities


You were on level 2 of the Dungeon.
You were not hungry.

You visited 1 branch of the dungeon, and saw 2 of its levels.

You collected 126 gold pieces.

Inventory:

Hand Weapons
 a - a +0 spear (weapon)
   (You found it on level 1 of the Dungeon)
Armour
 f - a +0 ring mail
   (You found it on level 1 of the Dungeon)
 m - a +0 robe (worn)
Jewellery
 r - an amulet of guardian spirit (around neck)
   (You found it on level 2 of the Dungeon)
Wands
 n - a wand of iceblast (8/15)
   (You found it on level 2 of the Dungeon)
Scrolls
 d - 2 scrolls of recharging {unknown}
 e - 2 scrolls of remove curse {unknown}
 h - a scroll of immolation {unknown}
 k - a scroll of enchant weapon {unknown}
Potions
 i - a potion of flight {unknown}
 j - a potion of degeneration {unknown}
 l - a potion of ambrosia {unknown}
 o - a potion of cure mutation {!q}
 q - a potion of brilliance {unknown}
Books
 b - a Young Poisoner's Handbook

   Spells                             Type                      Level
   a - Sting                          Conjuration/Poison           1
   b - Mephitic Cloud                 Conjuration/Poison/Air       3
   c - Olgreb's Toxic Radiance        Poison                       4
   d - Alistair's Intoxication        Transmutation/Poison         5
   e - Venom Bolt                     Conjuration/Poison           5
Comestibles
 c - 3 bread rations
 p - 5 chunks of flesh
 s - a beef jerky


   Skills:
 - Level 1.7 Dodging
 - Level 1.7 Stealth
 + Level 3.1 Spellcasting
 + Level 2.2 Conjurations
 * Level 5.5 Poison Magic


You had 2 spell levels left.
You knew the following spells:

 Your Spells              Type           Power        Failure   Level  Hunger
a - Sting                 Conj/Pois      ###.         3%          1    None
b - Mephitic Cloud        Conj/Pois/Air  ##......     21%         3    ###....
c - Olgreb's Toxic Radia  Pois           ###.....     21%         4    ####...


Dungeon Overview and Level Annotations

Branches:
Dungeon (2/15)

Altars:


Innate Abilities, Weirdness & Mutations

You have large cloven feet.
Your flesh is cold resistant. (rC+)
A weak demonic guardian rushes to your aid.


Message History

* * * LOW HITPOINT WARNING * * *
You feel sick. The adder bites you.
* * * LOW HITPOINT WARNING * * *
The adder barely misses you.
It was a potion of berserk rage.
A red film seems to cover your vision as you go berserk!
You feel yourself moving faster!
You feel mighty!
* * * LOW HITPOINT WARNING * * *
You feel sick. The adder misses you.
You closely miss the adder.
The adder is heavily wounded.
* * * LOW HITPOINT WARNING * * *
You feel sick. The adder bites you but does no damage.
You hit the adder.
The adder is almost dead.
* * * LOW HITPOINT WARNING * * *
You feel sick.
You closely miss the adder.
The adder is almost dead.
You die...

####.####
#######.#####..#
#.#. #.# ##.# #..#
#.#. #.# #...
....# #.#. #.#
#.### .#.## #...
#.. #.# ##.#.#
###( #.. #..
.....# ## ..
##.####.#
#..###########
......S.#
#.............
#M###..#.#.......#
#...........(.##.#
#####..#.##.......
#........###.#
#.##.....###.#
#.##.##.......
#.......###...
####.#### #... #.#
#...


You could see an adder.

Vanquished Creatures
  Sigmund (D:2)
  2 adders (D:2)
  A worm (D:2)
  2 leopard geckos (D:1)
  An orc (D:2)
  5 giant cockroaches
  6 hobgoblins
  A ball python (D:2)
  3 bats
  5 frilled lizards
  7 goblins
  A kobold (D:1)
  4 rats
39 creatures vanquished.

Notes
Turn   | Place    | Note
-------+----------+-------------------------------------------
     0 | D:1      | itsmu the Demonspawn Venom Mage began the quest for the Orb.
     0 | D:1      | Reached XP level 1. HP: 13/13 MP: 3/3
   576 | D:1      | Gained mutation: A weak demonic guardian rushes to your aid. [demonic ancestry]
   576 | D:1      | Reached XP level 2. HP: 16/19 MP: 0/5
  1711 | D:2      | Gained mutation: You have large cloven feet. [demonic ancestry]
  1711 | D:2      | Reached XP level 3. HP: 24/24 MP: 2/6
  1735 | D:2      | Reached skill level 1 in Conjurations
  1929 | D:2      | Learned a level 3 spell: Mephitic Cloud
  2391 | D:2      | Noticed Sigmund
  2409 | D:2      | Killed Sigmund
  2409 | D:2      | Reached skill level 5 in Poison Magic
  2409 | D:2      | Gained mutation: Your flesh is cold resistant. (rC+) [demonic ancestry]
  2409 | D:2      | Reached XP level 4. HP: 20/30 MP: 3/8
  2409 | D:2      | Reached XP level 5. HP: 23/35 MP: 3/9
  2548 | D:2      | Learned a level 4 spell: Olgreb's Toxic Radiance
  2615 | D:2      | HP: 2/52 [poisoned by an adder]
  2617 | D:2      | Succumbed to an adder's poison

Skill      XL: |  1  2  3 |
---------------+----------+-----
Conjurations   | 2 |  2.2
Spellcasting   | 3 |  3.1
Poison Magic   | 5 |  5.5
Dodging        | |  1.7
Stealth        | |  1.7

Action                   |  1- 3 |  4- 6 || total
-------------------------+-------+-------++-------
Melee: Unarmed           |     8 |       ||     8
       Spear             |    15 |     7 ||    22
       Kick              |     1 |     1 ||     2
 Cast: Sting             |    87 |    16 ||   103
       Olgreb's Toxic Ra |       |     1 ||     1
  Use: Potion            |     2 |     1 ||     3
  Eat: Chunk             |     6 |       ||     6
Armor: Robe              |     3 |     2 ||     5
Dodge: Dodged            |    28 |     7 ||    35
